Cogmind - Beta 15 @@@ ROGUE MODE // 2025.05.14 @ 10:46:56 Player: McSaucyNugget Result: Self-destructed Performance ------------- Evolutions (6) 3000 Regions Visited (12) 2400 Robots Destroyed (74) 370 Value Destroyed (3039) 3039 Prototype IDs (29) 580 Alien Tech Used (0) 0 Bonus (3581) 3581 TOTAL SCORE: 12970 Bonus ------- Follower Combat Kills 1706 Registered with UFD 300 Met Optimus in HQ 500 Built Enhanced Grunts 300 A7 Reached Mainframe 300 Met R17 at Cetus 500 Friendly Fire -25 Cogmind --------- Core Integrity 522/1150 Matter 6/300 Energy 100/100 System Corruption 1% Temperature Cool (1) Movement Flying (40) Location -4/Factory Parts ------- > --- POWER (1) -------- (None) > --- PROPULSION (6) --- Impulse Thruster > --- UTILITY (10) ----- Improved Hacking Suite Improved Hacking Suite Improved System Shield > --- WEAPON (2) ------- (None) > --- INVENTORY (5) ---- Enhanced Optical Array Improved Transmission Jammer Reaction Control System Improved Phase Shifter Heavy Phase Cannon Peak State ------------ > --- POWER ------------ Particle Reactor Quantum Reactor > --- PROPULSION ------- Medium Treads Medium Treads Improved Medium Treads Centrium Heavy Treads > --- UTILITY ---------- Experimental Terrain Scanner Centrium Medium Armor Plating Centrium Medium Armor Plating Centrium Medium Armor Plating Centrium Medium Armor Plating Improved Hacking Suite Improved Hacking Suite Improved Hacking Suite Improved System Shield Power Bank > --- WEAPON ----------- KE Penetrator Advanced KE Penetrator > --- INVENTORY -------- Quantum Reactor Layered Medium Armor Plating Heavy Phase Cannon Railgun Hardcell Cannon [Rating: 139] Favorites ----------- Power Makeshift Power Source Engine Makeshift Power Source Power Core Micro Fission Core Reactor Quantum Reactor Propulsion Compact Wheel Treads Spiked Treads Leg Overtuned Titanium Leg Wheel Compact Wheel Flight Unit Nuclear Pulse Array Utility Centrium Medium Armor Plating Device Improved Sensor Array Storage Small Storage Unit Processor Machine Analyzer Hackware Improved Hacking Suite Protection Centrium Medium Armor Plating Weapon Battle Cannon Energy Gun Subdweller Laser Energy Cannon Heavy Phase Cannon Ballistic Gun KE Penetrator Ballistic Cannon Battle Cannon Launcher Subdweller Shrapnel Launcher Special Weapon Mining Laser Piercing Weapon Spear Build | -11 -10 -10 -7 -7 -5 -5 -5 -5 -5 -4 -4 -4 ------- Run | Yrd Mat Sub Rec Scr Fac Ext Cet Arc Hub Fac Was Fac Slots Evolved 12 | . . . . . 10 . . . . 2 . . Power . | . . . . . . . . . . . . . Propulsion 4 | . . . . . 3 . . . . 1 . . Utility 8 | . . . . . 7 . . . . 1 . . Weapon . | . . . . . . . . . . . . . Parts Attached 93 | 5 7 15 1 6 19 11 11 6 1 11 . . Power 10 | 1 . 1 . 1 1 2 1 1 . 2 . . Engine 3 | 1 . 1 . 1 . . . . . . . . Core 3 | . . . . . 1 2 . . . . . . Reactor 4 | . . . . . . . 1 1 . 2 . . Propulsion 22 | 2 . 5 . . 7 1 2 2 1 2 . . Treads 7 | 2 . 1 . . . . 1 2 1 . . . Leg 4 | . . . . . 4 . . . . . . . Wheel 4 | . . 4 . . . . . . . . . . Hover . | . . . . . . . . . . . . . Flight 7 | . . . . . 3 1 1 . . 2 . . Utility 31 | 1 1 2 1 2 9 4 4 3 . 4 . . Device 10 | . . . 1 . 5 3 . . . 1 . . Storage 4 | 1 . . . 2 . . . . . 1 . . Processor 5 | . . 1 . . 3 . . . . 1 . . Hackware 5 | . . . . . . 1 . 3 . 1 . . Protection 7 | . 1 1 . . 1 . 4 . . . . . Artifact . | . . . . . . . . . . . . . Weapon 30 | 1 6 7 . 3 2 4 4 . . 3 . . Energy Gun 3 | . 1 2 . . . . . . . . . . Energy Cannon 2 | . . . . . . 2 . . . . . . Ballistic Gun 9 | 1 2 . . 1 . 2 2 . . 1 . . Ballistic Cannon 8 | . . 3 . 2 . . 1 . . 2 . . Launcher 4 | . 1 2 . . 1 . . . . . . . Special Weapon 3 | . 2 . . . . . 1 . . . . . Impact Weapon . | . . . . . . . . . . . . . Slashing Weapon . | . . . . . . . . . . . . . Piercing Weapon 1 | . . . . . 1 . . . . . . . Special Melee Weapon . | . . . . . . . . . . . . . Unidentified Prototypes 4 | . . . . . . . 3 . . 1 . . Parts Lost 29 | . . 9 . . . 2 8 . . 9 . 1 Power 4 | . . 1 . . . 1 2 . . . . . Propulsion 11 | . . 3 . . . 1 2 . . 4 . 1 Utility 8 | . . 1 . . . . 2 . . 5 . . Weapon 6 | . . 4 . . . . 2 . . . . . Highest Loss Streak 8 | . . 5 . . . 1 8 . . 8 . 1 To Critical Strikes 1 | . . . . . . . . . . 1 . . Average Backups 7 | 2 7 7 7 10 12 4 4 5 5 5 5 5 Power . | . 1 . 1 1 . . . 1 1 . 1 . Propulsion 1 | 1 2 1 . 2 3 . . . . . . . Utility 2 | . 1 2 2 3 2 2 . 1 2 1 3 3 Weapon 2 | . 1 2 4 3 4 1 3 2 2 1 1 1 Tool/Special . | . . . . . . . . . . . . . Unused Backups 35 | . 2 3 . 11 4 1 2 2 . 5 . 5 Power 9 | . . 1 . 2 1 . . . . 4 . 1 Propulsion 2 | . . . . . 1 1 . . . . . . Utility 11 | . 1 1 . 3 . . 1 . . 1 . 4 Weapon 10 | . 1 . . 4 2 . 1 2 . . . . Tool/Special 3 | . . 1 . 2 . . . . . . . . Average Slot Usage (%) 86 | . 89 89 98 99 80 71 75 80 87 81 26 24 Engine 7 | . 14 9 14 14 5 1 . . . . . . Reactor 1 | . . . . . . . 4 7 10 9 . . Treads 11 | . 28 10 14 14 4 . 4 13 19 17 . . Leg 1 | . . . . . 18 . . . . . . . Wheel 7 | . . 12 14 14 . . . . . . . . Flight 2 | . . . . . . 14 9 1 . . 10 8 Device 8 | . . . 12 14 18 21 11 10 10 8 . . Storage 8 | . 14 14 14 14 4 . . . . . . . Processor 5 | . . 6 . . 9 15 13 3 . 1 . . Hackware 3 | . . . . . . 3 5 11 15 18 15 15 Protection 7 | . 7 7 . . 4 . 13 21 20 14 . . Energy Gun 1 | . 2 4 . . . . . . . . . . Ballistic Gun 4 | . 14 3 . 2 . 2 8 10 9 4 . . Ballistic Cannon 8 | . . 13 14 17 7 . . . . 4 . . Launcher 4 | . 4 5 14 8 2 . . . . . . . Peak Build Rating 139 | 5 11 16 17 25 90 93 121 129 134 139 29 29 Average Rating 48 | 4 7 11 16 19 70 83 112 123 133 126 29 27 On Entrance 53 | . 5 10 14 17 25 90 93 121 129 134 29 29 Naked Turns . | . . . . . . . . . . . . . Heaviest Build 97 | 12 21 21 21 44 77 40 63 81 81 97 . . Greatest Support 166 | 40 40 40 16 16 78 33 80 136 166 166 14 12 Greatest Overweight (x) 18 | . . 4 1 2 18 1 3 . . . . . Average Overweight (x) . | . . . 1 1 . . . . . . . . Largest Inventory Capacity 15 | 8 8 8 8 15 15 5 5 5 5 10 5 5 Average Capacity 7 | 7 8 8 8 11 14 5 5 5 5 5 5 5 Most Carried 15 | 5 8 8 7 15 15 5 5 5 5 8 5 5 Average Carried 7 | 2 7 7 7 10 13 4 4 4 5 5 5 5 Final Capacity 15 | 8 8 8 8 15 5 5 5 5 5 5 5 5 Final Carried 15 | 5 8 7 7 15 5 5 5 5 5 5 5 5 Class Distribution -------------------- 46% | Mutant 20% | Scavenger-Mutant 15% | Derelict-Mutant 5% | Ninja 4% | Derelict-Skirmisher Dominant Class ---------------- Mutant | -10/Materials Mutant | -10/Subcaves Mutant | -7/Recycling Mutant | -7/Scraptown Derelict-Skirmisher | -5/Factory Ninja | -5/Extension Scavenger-Mutant | -5/Cetus Scavenger-Mutant | -5/Archives Scavenger-Mutant | -5/Hub_04(d) Scavenger-Mutant | -4/Factory Hacker-Mutant | -4/Waste Hacker-Mutant | -4/Factory Resources | -11 -10 -10 -7 -7 -5 -5 -5 -5 -5 -4 -4 -4 ----------- Run | Yrd Mat Sub Rec Scr Fac Ext Cet Arc Hub Fac Was Fac Matter Collected 3161 | 250 75 897 160 202 220 414 208 321 92 322 . . Remotely . | . . . . . . . . . . . . . Salvage Created 2766 | . 175 437 . . 125 932 80 271 54 692 . . Parts 145 | . 27 31 . . . 35 5 17 2 28 . . Haulers Intercepted 1 | . 1 . . . . . . . . . . . Recyclers Shooed . | . . . . . . . . . . . . . Parts Field Recycled . | . . . . . . . . . . . . . Retrieved Matter . | . . . . . . . . . . . . . Parts Self-Destructed 4 | . . 4 . . . . . . . . . . Prevented . | . . . . . . . . . . . . . Kills | -11 -10 -10 -7 -7 -5 -5 -5 -5 -5 -4 -4 -4 ------- Run | Yrd Mat Sub Rec Scr Fac Ext Cet Arc Hub Fac Was Fac Combat Hostiles Destroyed 57 | . 11 18 . . 5 8 1 1 1 12 . . Melee 7 | . . . . . . 6 1 . . . . . Guns 10 | . 3 2 . . . . . 1 . 4 . . Cannons 14 | . . 2 . . 2 2 . . . 8 . . AOE 25 | . 8 14 . . 3 . . . . . . . Classes Destroyed 14 | . 4 3 . . 3 2 . . 1 1 . . Builder 3 | . 2 . . . . . . . . 1 . . Hauler 1 | . 1 . . . . . . . . . . . Recycler 3 | . . . . . . 3 . . . . . . Operator 7 | . . . . . 1 . . 5 1 . . . Turret 1 | . . 1 . . . . . . . . . . Watcher 2 | . . . . . . 2 . . . . . . Swarmer 15 | . 9 4 . . . 2 . . . . . . Grunt 18 | . 2 . . . 2 5 . . . 9 . . Brawler 1 | . . . . . 1 . . . . . . . Sentry 4 | . . . . . 2 1 . 1 . . . . Hunter 2 | . . . . . . . . . 1 1 . . Programmer 2 | . . . . . . . . . . 2 . . Cetus Guard 1 | . . . . . . . 1 . . . . . Artisan 1 | . . 1 . . . . . . . . . . Subdweller 14 | . . 14 . . . . . . . . . . Best Kill Streak 7 | . 7 4 . . 4 3 1 3 1 5 . . Combat Bots Only 5 | . 5 4 . . 3 2 1 1 1 5 . . Max Kills in Single Turn 3 | . 2 3 . . 2 1 1 1 1 1 . . Gunslinging . | . . . . . . . . . . . . . Exploded 3 | . 2 3 . . 2 . . . . . . . Melee 1 | . . . . . . 1 1 . . . . . Uniques/NPCs Destroyed . | . . . . . . . . . . . . . Combat | -11 -10 -10 -7 -7 -5 -5 -5 -5 -5 -4 -4 -4 -------- Run | Yrd Mat Sub Rec Scr Fac Ext Cet Arc Hub Fac Was Fac Hostile Shots Fired 639 | . 25 133 . 7 21 23 72 4 59 256 1 38 Missed 198 | . 7 46 . 1 5 7 21 3 7 80 1 20 Hits 441 | . 18 87 . 6 16 16 51 1 52 176 . 18 Melee 1 | . . . . . 1 . . . . . . . Projectile 440 | . 18 87 . 6 15 16 51 1 52 176 . 18 Critical Strikes 25 | . . 1 . . . 4 5 1 2 12 . . Damage Taken 8548 | . 157 1591 . 125 407 396 1196 46 922 3429 . 279 Core 1109 | . 14 168 . 23 . 77 117 . 82 401 . 227 Absorbed by Shields 188 | . . . . . . . 188 . . . . . Ignored by Resistances 107 | . . . . . 50 . 57 . . . . . Regen/Repaired (Parts) 757 | . . . . . . . . . . 757 . . Core Remaining (%) 63 | 100 . . . 18 . . . . 72 . . . Volleys Fired 253 | . 20 94 . . 23 14 14 36 8 44 . . Largest 2 | . 2 2 . . 2 1 2 2 2 2 . . Hottest 120 | . 120 93 . . 84 90 90 68 68 106 . . Shots Fired 405 | . 27 138 . . 37 14 21 72 16 80 . . Gun 148 | . 14 10 . . . . 17 72 16 19 . . Cannon 189 | . . 81 . . 31 14 2 . . 61 . . Launcher 51 | . 12 33 . . 6 . . . . . . . Special 17 | . 1 14 . . . . 2 . . . . . Kinetic 315 | . 8 94 . . 31 . 17 72 16 77 . . Thermal 45 | . 7 21 . . . 12 2 . . 3 . . Explosive 41 | . 12 23 . . 6 . . . . . . . Electromagnetic 2 | . . . . . . 2 . . . . . . Robot Hit Streak 14 | . 3 11 . . 14 5 7 9 7 7 . . Robot Miss Streak 5 | . 1 2 . . 4 . 1 5 1 2 . . Penetration Max 1 | . . . . . . . 1 . 1 1 . . Secondary Targets . | . . . . . . . . . . . . . Shots Hit Robots 214 | . 8 49 . . 26 20 16 39 13 43 . . Core Hits 150 | . 20 31 . . 19 16 5 19 4 36 . . Critical Kills 5 | . . . . . . . . 4 . 1 . . Critical Parts Destroyed 8 | . . . . . . . 1 5 2 . . . Critical Strikes 25 | . 1 2 . . . 3 2 9 2 6 . . Burn 1 | . 1 . . . . . . . . . . . Destroy 13 | . . . . . . . 1 9 2 1 . . Blast 7 | . . 2 . . . . . . . 5 . . Impale 4 | . . . . . . 3 1 . . . . . Melee Attacks 43 | . . . . . . 36 7 . . . . . Impact . | . . . . . . . . . . . . . Slashing . | . . . . . . . . . . . . . Piercing 43 | . . . . . . 36 7 . . . . . Sneak Attacks 4 | . . . . . . 4 . . . . . . Combat Hostiles 1 | . . . . . . 1 . . . . . . Follow-up Attacks . | . . . . . . . . . . . . . Damage Inflicted 8187 | . 737 1877 . 7 1280 813 436 1031 340 1666 . . Guns 2046 | . 62 119 . . . . 194 1031 295 345 . . Cannons 2180 | . . 313 . . 566 58 68 . . 1175 . . Explosions 2974 | . 675 1444 . . 714 . . . . 141 . . Melee 929 | . . . . . . 755 174 . . . . . Ramming 58 | . . 1 . 7 . . . . 45 5 . . Kinetic 4609 | . 36 1001 . . 566 . 194 1031 295 1486 . . Thermal 359 | . 26 119 . . 112 . 68 . . 34 . . Explosive 2033 | . 675 756 . . 602 . . . . . . . Electromagnetic 199 | . . . . . . 58 . . . 141 . . Impact . | . . . . . . . . . . . . . Slashing . | . . . . . . . . . . . . . Piercing 929 | . . . . . . 755 174 . . . . . Highest Corruption 1 | . . . . . . . . . . 1 1 1 Average Corruption 1 | . . . . . . . . . . 1 1 1 Corruption Purged . | . . . . . . . . . . . . . Corruption Blocked . | . . . . . . . . . . . . . Effects 1 | . . . . . . . . . . . . 1 Message Errors 1 | . . . . . . . . . . . . 1 Overload Shots . | . . . . . . . . . . . . . Overflow Damage 187 | . 43 . . . 24 115 . . 5 . . . Projectiles . | . . . . . . . . . . . . . Explosions 67 | . 43 . . . 24 . . . . . . . Melee 120 | . . . . . . 115 . . 5 . . . Knockbacks 18 | . . 5 . . . . . . . 13 . . Impact . | . . . . . . . . . . . . . Kinetic 17 | . . 5 . . . . . . . 12 . . Secondary 1 | . . . . . . . . . . 1 . . Self-Inflicted Damage 267 | . 5 153 . . 92 . . . . 17 . . Shots 13 | . 1 8 . . 3 . . . . 1 . . Rammed 9 | . . 1 . 2 . . . . 4 2 . . Targets Rammed 9 | . . 1 . 2 . . . . 4 2 . . Kicked . | . . . . . . . . . . . . . Crushed . | . . . . . . . . . . . . . Highest Temperature 362 | . 27 15 . 5 153 216 13 81 197 362 . . Average Temperature 89 | . 11 15 . 5 52 74 7 34 90 146 . . Received Heat Transfer 1759 | . 12 402 . 72 72 153 208 27 159 654 . . Effects 3 | . . . . . . . . . . 3 . . Shutdowns 3 | . . . . . . . . . . 3 . . Siege Activations 1 | . . . . . . . 1 . . . . . Total Turns 6 | . . . . . . . 6 . . . . . Longest Duration 6 | . . . . . . . 6 . . . . . Martial Activations . | . . . . . . . . . . . . . Shielding Activations . | . . . . . . . . . . . . . Robots Disrupted . | . . . . . . . . . . . . . Combat Hostiles . | . . . . . . . . . . . . . Robots Corrupted 1 | . . . . . . . . . 1 . . . Combat Hostiles 1 | . . . . . . . . . 1 . . . Parts Fried 2 | . . . . . . . . . 2 . . . Impact Corruptions 1 | . . . . . . . . . 1 . . . Robots Melted . | . . . . . . . . . . . . . Combat Hostiles . | . . . . . . . . . . . . . Parts Melted . | . . . . . . . . . . . . . Heat Transferred 459 | . 148 150 . . 50 . 74 . . 37 . . Parts Sabotaged . | . . . . . . . . . . . . . Parts Stolen . | . . . . . . . . . . . . . Parts Stripped . | . . . . . . . . . . . . . Power Chain Reactions . | . . . . . . . . . . . . . Alert | -11 -10 -10 -7 -7 -5 -5 -5 -5 -5 -4 -4 -4 ------- Run | Yrd Mat Sub Rec Scr Fac Ext Cet Arc Hub Fac Was Fac Maximum Alert Level 1 | . 1 . . . . 1 1 1 . . . . Low Security (%) 85 | 100 89 . 100 . 100 71 97 36 100 100 100 100 Level 1 14 | . 10 . . . . 28 2 63 . . . . Level 2 . | . . . . . . . . . . . . . Level 3 . | . . . . . . . . . . . . . Level 4 . | . . . . . . . . . . . . . Level 5 . | . . . . . . . . . . . . . High Security . | . . . . . . . . . . . . . Max Security . | . . . . . . . . . . . . . Peak Influence 309 | . 224 . 90 . 177 247 288 309 139 173 60 45 Initial 112 | . . . 90 . . . 104 112 54 25 60 28 Average 87 | . 67 . 61 . 73 109 56 231 36 65 52 12 Influence Increases 3507 | . 357 250 . . 278 917 539 322 291 493 . 60 Destroy 0b10 Robot/C 1520 | . 220 100 . . 100 440 260 80 80 240 . . Destroy 0b10 Robot/NC 95 | . 15 . . . 5 25 10 25 10 5 . . Destroy Leader 186 | . 32 . . . 30 44 10 . 40 30 . . Allied During Kill 597 | . . . . . . 209 231 92 65 . . . Successful Hack 78 | . 5 . . . . 56 9 . . 8 . . Disable Machine 300 | . 30 . . . 45 . 15 75 30 105 . . Destroy Structure 341 | . 55 . . . 98 38 4 50 36 60 . . Partial Spotted 105 | . . . . . . 90 . . . . . 15 Lose Combat Pursuer 285 | . . 150 . . . 15 . . 30 45 . 45 Influence Decreases 3462 | . 149 270 158 30 278 730 444 448 393 374 133 55 Entered New Map 737 | . . 100 98 30 . . 83 170 102 29 113 12 Time Decay 1972 | . 149 160 60 . 278 410 241 238 123 255 20 38 Lost Part 205 | . . 10 . . . 20 80 . . 90 . 5 Lost Ally 449 | . . . . . . 300 40 40 69 . . . Purge Threat 99 | . . . . . . . . . 99 . . . Squads Dispatched 9 | . . . . . 1 1 . . 3 4 . . Investigation 3 | . . . . . . 1 . . . 2 . . Extermination 2 | . . . . . 1 . . . . 1 . . Reinforcement 4 | . . . . . . . . . 3 1 . . Assault . | . . . . . . . . . . . . . Garrison . | . . . . . . . . . . . . . Intercept . | . . . . . . . . . . . . . Searches Triggered . | . . . . . . . . . . . . . Construction Impeded 1 | . . . . . . . . . 1 . . . Haulers Reinforced . | . . . . . . . . . . . . . Active Scanning Responses . | . . . . . . . . . . . . . Cargo Convoy Interrupts . | . . . . . . . . . . . . . Stealth | -11 -10 -10 -7 -7 -5 -5 -5 -5 -5 -4 -4 -4 --------- Run | Yrd Mat Sub Rec Scr Fac Ext Cet Arc Hub Fac Was Fac Distress Signals 13 | . . . . . . 3 2 . 5 2 . 1 Communications Jammed 4 | . . . . . . 4 . . . . . . Distress Signals 4 | . . . . . . 4 . . . . . . Times Spotted 158 | . 12 24 . 4 7 21 15 22 13 21 5 14 Peak Tracking Total 12 | . 4 6 . 4 4 3 5 1 8 11 5 12 Tactical Retreats 8 | . . 3 . . . 1 . . 2 1 . 1 Traps | -11 -10 -10 -7 -7 -5 -5 -5 -5 -5 -4 -4 -4 ------- Run | Yrd Mat Sub Rec Scr Fac Ext Cet Arc Hub Fac Was Fac Traps Triggered 13 | . . 6 . . . 4 . . 1 2 . . Indirectly . | . . . . . . . . . . . . . Trap Hack Attempts . | . . . . . . . . . . . . . Triggered . | . . . . . . . . . . . . . Disarmed . | . . . . . . . . . . . . . Reprogrammed . | . . . . . . . . . . . . . Reused . | . . . . . . . . . . . . . Traps Extracted . | . . . . . . . . . . . . . Installed . | . . . . . . . . . . . . . Triggered . | . . . . . . . . . . . . . Machines | -11 -10 -10 -7 -7 -5 -5 -5 -5 -5 -4 -4 -4 ---------- Run | Yrd Mat Sub Rec Scr Fac Ext Cet Arc Hub Fac Was Fac Machines Disabled 25 | . 2 4 . . 3 . 2 5 2 7 . . Max in Single Turn 6 | . 1 2 . . 2 . 1 1 1 6 . . Garrison Access 1 | . . . . . . . . . . 1 . . Machines Repaired . | . . . . . . . . . . . . . Machines Dismantled . | . . . . . . . . . . . . . Machines Sabotaged . | . . . . . . . . . . . . . Overloaded Fab Kills . | . . . . . . . . . . . . . Hacking | -11 -10 -10 -7 -7 -5 -5 -5 -5 -5 -4 -4 -4 --------- Run | Yrd Mat Sub Rec Scr Fac Ext Cet Arc Hub Fac Was Fac Machines Accessed 39 | . 1 4 1 3 3 10 3 1 6 6 . 1 Terminals 24 | . 1 . 1 . 1 10 3 . 6 1 . 1 Fabricators 1 | . . . . . . . . . . 1 . . Repair Stations 2 | . . . . . . . . . . 2 . . Recycling Units 2 | . . . . . 1 . . . . 1 . . Scanalyzers . | . . . . . . . . . . . . . Garrison Access 2 | . . . . . 1 . . . . 1 . . Total Hacks 99 | . 1 8 1 20 6 24 3 6 15 14 . 1 Successful 65 | . 1 8 1 20 1 10 3 6 7 8 . . Failed 34 | . . . . . 5 14 . . 8 6 . 1 Catastrophic 8 | . . . . . 1 3 . . 4 . . . Database Lockouts . | . . . . . . . . . . . . . Manual 15 | . . . . . 2 . 1 . 10 1 . 1 Terminals 49 | . 1 . 1 . 2 24 3 . 15 2 . 1 Fabricators 2 | . . . . . . . . . . 2 . . Repair Stations 6 | . . . . . . . . . . 6 . . Recycling Units 5 | . . . . . 2 . . . . 3 . . Scanalyzers . | . . . . . . . . . . . . . Garrison Access 3 | . . . . . 2 . . . . 1 . . Terminal Hacks 57 | . 1 8 1 20 1 10 3 6 7 . . . Record 35 | . . 5 1 19 . 2 2 6 . . . . Part Schematic 2 | . . . . . . . . . 2 . . . Robot Analysis 1 | . . . . . . . . . 1 . . . Open Door 10 | . . 1 . . . 8 1 . . . . . Alert Level 1 | . . . . . . . . . 1 . . . Unreport Threat 1 | . . . . . . . . . 1 . . . Recall Reinforcements 1 | . . . . . . . . . 1 . . . Hauler Manifests 1 | . 1 . . . . . . . . . . . Zone Layout 2 | . . . . . 1 . . . 1 . . . Proto ID Catalog 2 | . . 1 . 1 . . . . . . . . Release Object 1 | . . 1 . . . . . . . . . . Fabricator Hacks 2 | . . . . . . . . . . 2 . . Load Schematic 1 | . . . . . . . . . . 1 . . Build 1 | . . . . . . . . . . 1 . . Repair Station Hacks 4 | . . . . . . . . . . 4 . . Scan Component 2 | . . . . . . . . . . 2 . . Repair 2 | . . . . . . . . . . 2 . . Recycling Unit Hacks 1 | . . . . . . . . . . 1 . . Retrieve Components 1 | . . . . . . . . . . 1 . . Scanalyzer . | . . . . . . . . . . . . . Garrison Access Hacks 1 | . . . . . . . . . . 1 . . Seal Access 1 | . . . . . . . . . . 1 . . Unauthorized Hacks . | . . . . . . . . . . . . . Terminals . | . . . . . . . . . . . . . Fabricators . | . . . . . . . . . . . . . Repair Stations . | . . . . . . . . . . . . . Recycling Units . | . . . . . . . . . . . . . Scanalyzers . | . . . . . . . . . . . . . Garrison Access . | . . . . . . . . . . . . . Data Cores Recovered 1 | . . . . . . . . . 1 . . . Used . | . . . . . . . . . . . . . Hacking Detections 19 | . . . . . 3 5 2 . 3 5 . 1 Full Trace Events 2 | . . . . . . 1 . . . 1 . . Feedback Events . | . . . . . . . . . . . . . Feedback Blocked . | . . . . . . . . . . . . . Robot Schematics Acquired . | . . . . . . . . . . . . . Robots Built . | . . . . . . . . . . . . . Authchips . | . . . . . . . . . . . . . Time . | . . . . . . . . . . . . . Total Robot Build Rating . | . . . . . . . . . . . . . Part Schematics Acquired 2 | . . . . . . . . . 2 . . . Parts Built 1 | . . . . . . . . . . 1 . . Authchips . | . . . . . . . . . . . . . Time 67 | . . . . . . . . . . 67 . . Total Part Build Rating 4 | . . . . . . . . . . 4 . . Parts Repaired 2 | . . . . . . . . . . 2 . . Time 108 | . . . . . . . . . . 108 . . Parts Recycled . | . . . . . . . . . . . . . Recycled Matter . | . . . . . . . . . . . . . Retrieved Matter . | . . . . . . . . . . . . . Retrieved Components 10 | . . . . . . . . . . 10 . . Parts Scanalyzed . | . . . . . . . . . . . . . Part Schematics Acquired . | . . . . . . . . . . . . . Parts Damaged . | . . . . . . . . . . . . . Bothacking | -11 -10 -10 -7 -7 -5 -5 -5 -5 -5 -4 -4 -4 ------------ Run | Yrd Mat Sub Rec Scr Fac Ext Cet Arc Hub Fac Was Fac Used RIF Installer . | . . . . . . . . . . . . . Robots Hacked . | . . . . . . . . . . . . . Non-combat . | . . . . . . . . . . . . . Combat . | . . . . . . . . . . . . . Robot Hacks Applied . | . . . . . . . . . . . . . Relay Couplers Released . | . . . . . . . . . . . . . Fabnet Peak Effective % . | . . . . . . . . . . . . . Robots Rewired 9 | . . . . . . 9 . . . . . . Allies Hacked . | . . . . . . . . . . . . . Hacks Repelled . | . . . . . . . . . . . . . Allies | -11 -10 -10 -7 -7 -5 -5 -5 -5 -5 -4 -4 -4 -------- Run | Yrd Mat Sub Rec Scr Fac Ext Cet Arc Hub Fac Was Fac Total Allies 45 | . . . . . . 21 5 . . . 19 . Largest Group 19 | . . . . . . 11 9 7 4 . 19 . Highest-Rated Group 718 | . . . . . . 321 718 591 314 . 702 . Highest-Rated Ally 159 | . . . . . . 159 159 159 96 . 50 . Total Orders 13 | . . . . . . 7 2 2 2 . . . STAY 5 | . . . . . . 3 . 1 1 . . . FOLLOW 7 | . . . . . . 4 2 1 . . . . GUARD 1 | . . . . . . . . . 1 . . . Ally Attacks 238 | . . . . . . 96 89 14 38 . 1 . Total Damage 6810 | . . . . . . 1808 2721 660 1598 . 23 . Kills 35 | . . . . . . 14 14 3 4 . . . Allies Corrupted . | . . . . . . . . . . . . . Allies Melted 1 | . . . . 1 . . . . . . . . Intel | -11 -10 -10 -7 -7 -5 -5 -5 -5 -5 -4 -4 -4 ------- Run | Yrd Mat Sub Rec Scr Fac Ext Cet Arc Hub Fac Was Fac Active Infowar (turns) 6558 | . . . 120 2314 617 1085 820 507 373 722 . . Sensors 4190 | . . . 120 2314 617 1085 54 . . . . . Terrain 2604 | . . . . . 68 394 820 507 373 442 . . Machine Analysis 2962 | . . . . . 611 1085 820 97 . 349 . . Jamming 653 | . . . . . 11 642 . . . . . . ECM 1 | . . . . . . 1 . . . . . . Robot Analysis Total 1 | . . . . . . . . . 1 . . . Derelict Logs Recovered 3 | . . 1 . 2 . . . . . . . . Drone Launches . | . . . . . . . . . . . . . Drone Recoveries . | . . . . . . . . . . . . . Exploration | -11 -10 -10 -7 -7 -5 -5 -5 -5 -5 -4 -4 -4 ------------- Run | Yrd Mat Sub Rec Scr Fac Ext Cet Arc Hub Fac Was Fac Turns Passed 11244 | 64 451 3923 130 2314 617 1085 820 507 373 779 46 135 Spaces Moved 8775 | 34 239 2924 112 1878 430 1393 452 239 212 351 137 374 Core 7 | 2 . 2 . . 2 . . . . 1 . . Treads 2083 | 32 239 679 . . . . 389 239 212 293 . . Legs 390 | . . . . . 390 . . . . . . . Wheels 4233 | . . 2243 112 1878 . . . . . . . . Hover . | . . . . . . . . . . . . . Flight 2062 | . . . . . 38 1393 63 . . 57 137 374 Fastest Speed 30 | 50 160 100 115 115 35 32 32 160 160 34 30 34 Average Speed 107 | 153 160 120 115 120 115 34 147 160 160 139 33 35 Slowest Speed 950 | 160 160 250 115 130 950 115 320 160 160 160 34 40 Overloaded Moves 5 | . . . . . . . . . . . 5 . Propulsion Burnouts . | . . . . . . . . . . . . . Robots Hopped 14 | . . . . . . 7 . . . 2 2 3 Potential Cave-ins 25 | . . . . . . 25 . . . . . . Cave-ins Triggered . | . . . . . . . . . . . . . Exploration Rate (%) 48 | 3 37 97 18 93 11 69 88 93 19 11 81 12 Regions Visited 12 Branch Regions 7 Pre-discovered Areas 1 | . . . . 1 . . . . . . . . Known Exits Taken 4 | . . . . . 1 1 1 . 1 . . . Unknown Exits Taken 6 | 1 1 1 1 1 . . . 1 . . . . Scrap Searched 20 | . . 15 . 5 . . . . . . . . Spaces Dug 50 | . . 17 . . 4 24 . . . 5 . . Terrain Destroyed 430 | . 54 245 . . 57 24 . 20 3 27 . . Melee 12 | . . . . . . 12 . . . . . . Projectile 71 | . . 1 . . 8 12 . 20 3 27 . . AOE 347 | . 54 244 . . 49 . . . . . . . Terrain Rammed . | . . . . . . . . . . . . . Walls Destroyed . | . . . . . . . . . . . . . Machines Disabled . | . . . . . . . . . . . . . Actions | -11 -10 -10 -7 -7 -5 -5 -5 -5 -5 -4 -4 -4 --------- Run | Yrd Mat Sub Rec Scr Fac Ext Cet Arc Hub Fac Was Fac Total 10113 | 44 279 3155 112 1925 512 1928 571 292 226 562 134 373 Wait 629 | . . 91 . . 21 330 68 1 . 118 . . Move 8738 | 33 238 2923 111 1878 429 1378 451 238 211 347 133 368 Hop 13 | . . . . . . 7 . . . 2 1 3 Pick Up 82 | 6 8 12 . 21 8 5 6 4 . 11 . 1 Fast Attach 55 | 4 2 3 1 2 8 10 9 5 3 8 . . Attach 33 | 1 1 8 . . 9 5 3 . . 6 . . Detach 20 | . . 2 . 1 3 7 3 2 . 2 . . Swap 34 | . 4 13 . 4 3 2 3 1 . 4 . . Drop 81 | . 6 8 . 18 8 10 7 5 . 18 . 1 Fire 253 | . 20 94 . . 23 14 14 36 8 44 . . Melee 43 | . . . . . . 36 7 . . . . . Ram 2 | . . 1 . . . . . . . 1 . . Kick . | . . . . . . . . . . . . . Crush 6 | . . . . 1 . . . . 4 1 . . Escape Stasis 31 | . . . . . . 31 . . . . . . Rewire 93 | . . . . . . 93 . . . . . . Trap . | . . . . . . . . . . . . . Miscellaneous . | . . . . . . . . . . . . . Route ------- -11/Scrapyard -10/Materials (discovered 3 exits: [*Mat] / [*Min] / *Sub) -10/Subcaves (discovered 3 exits: *Mat x2 / *Rec) -7/Recycling -7/Scraptown (discovered 2 exits: *Fac x2) -5/Factory (discovered 3 exits: *Fac / *Upp / *Ext) -5/Extension (discovered 2 exits: *Fac / *Cet) -5/Cetus (discovered 2 exits: *Fac / *Arc) -5/Archives (discovered 3 exits: *Fac / *Hub x2) -5/Hub_04(d) -4/Factory -4/Waste -4/Factory History --------- Turn | Location | Event 5 | -11/Scrapyard | Discovered new exit (range 16) 65 | -11/Scrapyard | Entered Materials 231 | -10/Materials | Discovered new exit (range 12) 315 | -10/Materials | Build established: Mutant 319 | -10/Materials | Discovered new exit (range 7) 452 | -10/Materials | Discovered new exit (range 15) 516 | -10/Materials | Entered Subcaves 517 | -10/Subcaves | Approached by a straggling Scientist 885 | -10/Subcaves | Learned Materials security intel 904 | -10/Subcaves | Shifting Twisted Machinery released Sub. Laser 906 | -10/Subcaves | Shifting Twisted Machinery released Mak. Power Source 1538 | -10/Subcaves | Core integrity fell below 50% 1554 | -10/Subcaves | Lost 5 parts (1p1n1u2w) 2197 | -10/Subcaves | Visited Clippyterm 2201 | -10/Subcaves | Learned Factory garrison access intel 2201 | -10/Subcaves | Learned Factory fabricator intel 2579 | -10/Subcaves | Shifting Twisted Machinery released Sub. Monowheel 2632 | -10/Subcaves | Discovered new exit (range 5) 2718 | -10/Subcaves | Identified exit to Materials 2723 | -10/Subcaves | Shifting Twisted Machinery released Sub. Laser 2728 | -10/Subcaves | Shifting Twisted Machinery released Shrapnel Trap 2744 | -10/Subcaves | Discovered exit to Materials (range 12) 2998 | -10/Subcaves | A swath of the cavern ceiling suddenly collapsed 3210 | -10/Subcaves | Visited 4L-MR0's lab 3223 | -10/Subcaves | Found Power Bank 3773 | -10/Subcaves | Ambushed by angry Subdweller bent on revenge 4004 | -10/Subcaves | Build established: Derelict-Mutant 4059 | -10/Subcaves | A swath of the cavern ceiling suddenly collapsed 4408 | -10/Subcaves | Ambushed by Subdweller buried in earth 4424 | -10/Subcaves | Discovered new exit (range 13) 4439 | -10/Subcaves | Entered Recycling 4440 | -7/Recycling | Met a Zionite searching for Scraptown 4532 | -7/Recycling | Scanned before Scraplab entrance 4548 | -7/Recycling | Entered Scraplab 4557 | -7/Recycling | Discovered new exit (range 3) 4569 | -7/Recycling | Entered Scraptown 4698 | -7/Scraptown | Build established: Mutant 4828 | -7/Scraptown | Discovered new exit (range 5) 4863 | -7/Scraptown | Scanned Subdweller tech in exchange for log data 4866 | -7/Scraptown | Learned location of Extension (-5) 4868 | -7/Scraptown | Learned Research garrison access intel 4911 | -7/Scraptown | Visited Observation Area 4957 | -7/Scraptown | Visited SPCMW 4980 | -7/Scraptown | Visited Spacefarers 5045 | -7/Scraptown | Visited Cyclists 5101 | -7/Scraptown | Visited CPS Storage 5149 | -7/Scraptown | Visited Supply Room 5538 | -7/Scraptown | Heard Great Nut preacher, LISTEN AND RECITE! 5691 | -7/Scraptown | Visited Symbiants 5727 | -7/Scraptown | Visited UFD Registry 5727 | -7/Scraptown | Registered with UFD as "Autoframe" 5804 | -7/Scraptown | Visited Science Guys 5873 | -7/Scraptown | Visited DA-N13 Charitable Foundation 5893 | -7/Scraptown | Found DCF Scrap (31 items) 6030 | -7/Scraptown | Visited Cartography Club 6099 | -7/Scraptown | Discovered new exit (range 5) 6124 | -7/Scraptown | Found Scrap Suit 6174 | -7/Scraptown | Build established: Derelict-Mutant 6203 | -7/Scraptown | Visited Scrap Suit Storage 6238 | -7/Scraptown | Visited Research Penetration Think Tank 6283 | -7/Scraptown | Visited Junk Repository 6379 | -7/Scraptown | Visited Infowarlord's Domain 6424 | -7/Scraptown | Found Exp. Terrain Scanner 6446 | -7/Scraptown | Visited Curators Association 6764 | -7/Scraptown | Met Optimus 6764 | -7/Scraptown | Accepted into 0bPrime 6866 | -7/Scraptown | Civil war broke out across Scraptown 6882 | -7/Scraptown | Core integrity fell below 20% 6883 | -7/Scraptown | Entered Factory 6883 | -5/Factory | Evolved 10 slots: Propulsion x3, Utility x7 6884 | -5/Factory | Loaded intel: 6 fabricator locations 6885 | -5/Factory | Loaded intel: 4 garrison access locations 6962 | -5/Factory | Discovered new exit (range 8) 7004 | -5/Factory | Identified exit to Factory 7057 | -5/Factory | Attached Power Bank, gained temporary slots: Power x3 7275 | -5/Factory | Build established: Derelict-Skirmisher 7283 | -5/Factory | Discovered new exit (range 16) 7310 | -5/Factory | Identified exit to Upper Caves 7363 | -5/Factory | Discovered new exit (range 16) 7379 | -5/Factory | Identified exit to Extension 7500 | -5/Factory | Entered Extension 7590 | -5/Extension | Rescued a captive Derelict 7590 | -5/Extension | Rescued a captive Derelict 7655 | -5/Extension | Rescued a captive Derelict 7656 | -5/Extension | Rescued a captive Derelict 7668 | -5/Extension | Rescued a captive Derelict 7670 | -5/Extension | Rescued a captive Derelict 7770 | -5/Extension | Rescued a captive Derelict 7793 | -5/Extension | Rescued a captive Derelict 7889 | -5/Extension | Spotted B-75 Beast 7920 | -5/Extension | Lost 10 allies 8131 | -5/Extension | Lost 4 allies 8138 | -5/Extension | Rescued a captive Derelict 8138 | -5/Extension | Rescued a captive Derelict 8186 | -5/Extension | Rescued a captive Derelict 8263 | -5/Extension | Discovered exit to Factory (range 10) 8263 | -5/Extension | Discovered new exit (range 6) 8389 | -5/Extension | Rescued A7 8432 | -5/Extension | Build established: Infiltrator-Ninja 8440 | -5/Extension | Identified exit to Cetus 8585 | -5/Extension | Entered Cetus 8585 | -5/Cetus | Accompanied by 5 allies (A7) 8590 | -5/Cetus | Acquired a Cetus Manufacturing Module code from A7 8605 | -5/Cetus | Spotted Cetus Guard 8610 | -5/Cetus | Spotted Cetus Guard 8610 | -5/Cetus | Spotted Cetus Guard 8610 | -5/Cetus | Spotted Cetus Guard 8626 | -5/Cetus | Destroyed Cetus Guard 8638 | -5/Cetus | Allies destroyed Cetus Guard 8640 | -5/Cetus | Allies destroyed Cetus Guard 8645 | -5/Cetus | Allies destroyed Cetus Guard 8670 | -5/Cetus | Lost 8 parts (2p2n2u2w) 8843 | -5/Cetus | Started Cetus Manufacturing Module 8868 | -5/Cetus | Manufactured an Enhanced Grunt 8881 | -5/Cetus | Escorted A7 to Cetus Mainframe 8893 | -5/Cetus | Manufactured an Enhanced Grunt 8918 | -5/Cetus | Manufactured an Enhanced Grunt 8943 | -5/Cetus | Manufactured an Enhanced Grunt 8968 | -5/Cetus | Manufactured an Enhanced Grunt 8982 | -5/Cetus | Build established: Scavenger-Mutant 9050 | -5/Cetus | Discovered new exit (range 30) 9063 | -5/Cetus | Found a strange terminal 9116 | -5/Cetus | Identified exit to Archives 9171 | -5/Cetus | Spotted Cetus Guard 9171 | -5/Cetus | Spotted Cetus Guard 9174 | -5/Cetus | Spotted Cetus Guard 9175 | -5/Cetus | Spotted Cetus Guard 9180 | -5/Cetus | Allies destroyed Cetus Guard 9194 | -5/Cetus | Allies destroyed Cetus Guard 9196 | -5/Cetus | Allies destroyed Cetus Guard 9196 | -5/Cetus | Allies destroyed Cetus Guard 9202 | -5/Cetus | Discovered exit to Factory (range 15) 9210 | -5/Cetus | Met Revision 17 9335 | -5/Cetus | Security sweep announced 9405 | -5/Cetus | Entered Archives 9405 | -5/Archives | Accompanied by 7 allies (A7) 9410 | -5/Archives | Received a hacking code to weaken MAIN.C 9507 | -5/Archives | Discovered new exit (range 14) 9619 | -5/Archives | Discovered exit to Factory (range 15) 9722 | -5/Archives | Discovered new exit (range 13) 9762 | -5/Archives | Unable to access archive contents 9912 | -5/Archives | Entered Hub_04(d) 9912 | -5/Hub_04(d) | Accompanied by 4 allies 9959 | -5/Hub_04(d) | Spotted B-75 Beast 9966 | -5/Hub_04(d) | Allies destroyed B-75 Beast 9986 | -5/Hub_04(d) | Discovered exit to Factory (range 15) 10281 | -5/Hub_04(d) | Lost 3 allies 10285 | -5/Hub_04(d) | Entered Factory 10285 | -4/Factory | Evolved 2 slots: Propulsion x1, Utility x1 10350 | -4/Factory | Repaired Centrium Medium Armor Plating 10459 | -4/Factory | Repaired Centrium Medium Armor Plating 10563 | -4/Factory | Fabricated Cld. VTOL Module? 11061 | -4/Factory | Lost 8 parts (4n4u) 11064 | -4/Factory | Manually triggered Chute Trap 11064 | -4/Factory | Sucked down chute 11064 | -4/Factory | Entered Waste 11070 | -4/Waste | Spotted C-40 Crusher 11084 | -4/Waste | Spotted C-40 Crusher 11085 | -4/Waste | Spotted C-40 Crusher 11088 | -4/Waste | Spotted C-40 Crusher 11089 | -4/Waste | Spotted C-40 Crusher 11096 | -4/Waste | Spotted C-40 Crusher 11102 | -4/Waste | Discovered new exit (range 11) 11106 | -4/Waste | Warlord forces began an assault 11110 | -4/Waste | Entered Factory 11235 | -4/Factory | Core integrity fell below 50% 11245 | -4/Factory | Self-destructed Last Messages --------------- 11064_ Triggered Chute Trap. [Achievement: Wheee!] 11064_ A hatch slides open and sucks a vortex of air into the floor. LOCATION=UNKNOWN GOAL=ESCAPE 11090_ Adv. Heavy Siege Treads crushed. 11102_ EXIT=FOUND 11106_ 1D-NR4(g): "The time is now, to the factory! Attack!" LOCATION=UNKNOWN GOAL=ESCAPE 11113_ Connecting with Terminal... 11113_ Current location identified: Factory 11116_ ALERT: All DSF locations entering lockdown mode. 11130_ Dropped Lgt. Antimatter Reactor. 11130_ Acquired Enh. Optical Array. 11140_ 8KATS3TP888WUZP7Z>HRAGU5HP|LCI2>:YS5S 11168_ K-01 Serf cleans the Neutrino Reactor. 11205_ Cld. VTOL Module destroyed. 11212_ Slug penetrates U-05 Engineer. 11242_ W-44 Eye sends out distress signal. Map ----- +----------------------------------------------------+ | ?????????????????????????????????????????????????? | | ?????????????????????????????????????????????????? | | ?????????????????????????????????????????????????? | | ?????????????????????????????????????????????????? | | ?????????????????????????????????????????????????? | | ?????????????????????????????????????????????????? | | ?????????????????????????????????????????????????? | | ?????????????????????????????????????????????????? | | ?????????????????????????????????????????????????? | | ??????????????????????#????#?????????????????????? | | ?????????????????????# ???? ?????????????????????? | | ?????????????????????# ??? #????????????????????? | | ?????????????????????# """ #????????????????????? | | ?????????????????????# """ #????????????????????? | | ?????????????????????# """ #????????????????????? | | ?????????????????????# #????????????????????? | | ?????????????????????# #????????????????????? | | ?????????????????????# ! #????????????????????? | | ?????????????????????# #????????????????????? | | ?????????????????????#""" #????????????????????? | | ?????????????????????#"R ! #????????????????????? | | ?????????????????????#""" #??????"""???????????? | | ?????????????????????#""" #????? """ "?????????? | | ?????????????????????# #???? ????????? | | ??????????????+############+##### A ???????? | | ?????????? @ == g ???????? | | ?????????? =! !! ???????? | | ????????????"""" """"""""" =! !! ???????? | | ??????????? ???????? | | ???????????????" """"""""" k ???????? | | ??????????? ####k#####????????? | | ??????????????? """"""""" #???? ???????????? | | ??????????? #????? #??????????? | | ??????????? """"""""" #?????????????????? | | ?????????? s #?????????????????? | | ?????????? s +?????????????????? | | ?????????? #?????????????????? | | ???????????# ######### s #?????????????????? | | ???????????# #######?# #?????????????????? | | ???????????# # """ ?# #?????????????????? | | ???????????# # """ # #?????????????????? | | ???????????# # """ # #?????????????????? | | ############ # + #?????????????????? | | # # [ # #?????????????????? | | # # [ # #?????????????????? | | # ######### #?????????????????? | | # #?????????????????? | | # #?????????????????? | | + != """ """ ![[#?????????????????? | | # != """ """ ![[#?????????????????? | +----------------------------------------------------+ Best States ------------- Heat Dissipation 62 Energy Generation 47 Energy Capacity 590 Matter Stores 300 Matter Capacity 300 Sight Range 16 Robot Scan Range 15 Terrain Scan Range 30 Terrain Scan Density 10 ECM Strength 1 Jamming Range 14 Armor Coverage 900 Resistance: KI 30 Evasion (%) 64 Melee Accuracy 8 Recoil Reduction 5 Offensive Hacking 36 Defensive Hacking 12 Item Schematics ----------------- Com. HERF Cannon | -5/Hub_04(d) | Hacked Cld. VTOL Module | -5/Hub_04(d) | Hacked Robot Schematics ------------------ None Fabricated ------------ Cld. VTOL Module | x1 | -4/Factory Repaired ---------- Centrium Medium Armor Plating | 35% | -4/Factory Centrium Medium Armor Plating | 38% | -4/Factory Alien Tech Used ----------------- None Achievements -------------- Wheee! Challenges ------------ None Game ------ Seed ImprovedFluxCloak Manual? 0 Play Time 01:51:34 Cumulative 41.5 hours Start 2025.05.14 @ 08:51:28 End 2025.05.14 @ 10:46:56 Sessions 1 Manual Loads 0 Difficulty Rogue Special Mode None Game No. 29 Rogue 29 Adventurer 0 Explorer 0 Win Type - Total 4 Types 2/0/1/0/1/0/0/0/0/0 Lore% 30 Gallery% 37 Achievement% 47 Wizard Run 0 Options --------- Layout 0 ASCII 0 Keyboard 1 Movement Vi Keybinds 0 Fullscreen 2 Font 18/SmallcapsGlow Map View 76x50 Zoom Use 0% Tactical HUD 1 Map Filters NONE Filters NONE Steam 1 RUN: 8eb5d33c-f232-4520-b62c-f478b6888339